 Dungeon Crawl Stone Soup version 0.22.0-60-ga52c2fc (webtiles) character file.

8653 shmeve the Nimble (level 11, -10/87 HPs)
             Began as a Vampire Berserker on Sept 11, 2018.
             Was a High Priest of Trog.
             Mangled by a hornet (11 damage)
             ... on level 10 of the Dungeon.
             The game lasted 00:23:33 (7776 turns).

shmeve the Nimble (Vampire Berserker)               Turns: 7776, Time: 00:23:34

Health: -10/87     AC: 16    Str: 19    XL:     11   Next: 12%
Magic:  11/11      EV: 17    Int: 10    God:    Trog [*****.]
Gold:   655        SH:  0    Dex: 14    Spells: 10/10 levels left

rFire    . . .     SeeInvis +   f - +0 battleaxe
rCold    . . .     Gourm    .   (shield currently unavailable)
rNeg     . . .     Faith    .   w - quicksilver dragon scales
rPois    .         Spirit   .   b - +1 helmet
rElec    .         Reflect  .   (no cloak)
rCorr    .         Harm     .   o - +2 pair of gloves
MR       +++++                  (no boots)
Stlth    +++.......             (no amulet)
HPRegen  1.44/turn              l - ring of protection from magic
MPRegen  0.12/turn              (no ring)

@: lethally poisoned (-10 -> -10), berserk cooldown, regenerating, slowed, very
slow
A: fangs 3, see invisible, unbreathing
a: Berserk, Trog's Hand, Brothers in Arms, Renounce Religion


You were on level 10 of the Dungeon.
You worshipped Trog.
Trog was extremely pleased with you.
You were very full.

You visited 2 branches of the dungeon, and saw 11 of its levels.

You collected 655 gold pieces.

Inventory:

Hand Weapons
 f - a +0 battleaxe (weapon)
 y - a +0 war axe
Armour
 b - a +1 helmet (worn)
 o - a +2 pair of gloves (worn)
 w - quicksilver dragon scales (worn)
Jewellery
 l - a ring of protection from magic (left hand)
 z - an uncursed ring of stealth {unknown}
Wands
 A - a wand of polymorph (13)
 B - a wand of disintegration (16)
Scrolls
 a - 2 scrolls of enchant weapon {unknown}
 d - 4 scrolls of identify
 e - 3 scrolls of remove curse
 g - 4 scrolls of teleportation {unknown}
 i - a scroll of random uselessness {unknown}
 j - 4 scrolls of amnesia {unknown}
 k - 2 scrolls of noise {unknown}
 m - 3 scrolls of blinking {unknown}
 p - a scroll of fog {unknown}
 r - 2 scrolls of fear {unknown}
 s - a scroll of enchant armour {unknown}
 x - a scroll of brand weapon {unknown}
Potions
 c - 26 potions of blood
 h - 4 potions of curing
 n - a potion of resistance
 q - a potion of agility
 t - 3 potions of heal wounds {unknown}
 u - 3 potions of cancellation {unknown}
 v - 2 potions of ambrosia {unknown}
 C - a potion of might {unknown}


   Skills:
 * Level 8.6 Fighting
 * Level 8.6 Axes
 + Level 5.2 Armour
 * Level 9.7 Dodging
 + Level 9.3 Stealth


You had 10 spell levels left.
You didn't know any spells.
Your spell library was empty.

Dungeon Overview and Level Annotations

Branches:
Dungeon (10/15)            Temple (1/1) D:4            Lair (0/6) D:10
    Orc (0/2) D:9

Altars:
Ashenzari
Cheibriados
Dithmenos
Elyvilon
Fedhas
Gozag
Hepliaklqana
Kikubaaqudgha
Makhleb
Nemelex Xobeh
Okawaru
Qazlal
Ru
Sif Muna
Trog
Uskayaw
Vehumet
Wu Jian
Xom
Yredelemnul
Zin
The Shining One

Shops:
D:5 *   D:9 =


Innate Abilities, Weirdness & Mutations

Your natural rate of healing is unusually fast.
You have razor-sharp teeth.
You have supernaturally acute eyesight. (SInv)
You can survive without breathing.


Message History

You feel as though you will be slow longer.
The yak barely misses you.
You closely miss the hornet.
The hornet is heavily wounded.
You hit the yak. The hornet completely misses you.
The hornet stings you but does no damage.
The yak misses you. The hornet stings you!
* * * LOW HITPOINT WARNING * * *
You are more poisoned.
You feel as though you will be slow longer.
The yak misses you.
You hit the hornet.
The hornet is heavily wounded.
You slash the yak!
You kill the yak!
Trog accepts your kill.
* * * LOW HITPOINT WARNING * * *
You feel very sick. The hornet stings you!
You die...

...P. .P. ##P..P.###
.P.. ...PPP..#.>#
..P.
:...P...#.=#P.P..
....P..#'##P..P.
....P.P.P.P.P..
#P...†....P...
######.P...@..P....
#..........y.P.....
#........./.....#..
#..................
#...........###%.#.
+..................
#............###.#.#
...............[....#
############..###...#


You could see a hornet.

Vanquished Creatures
  A two-headed ogre (D:6)
  A hippogriff (D:7)
  A wraith (D:9)
  3 humans
  4 hogs (D:7)
  6 yaks (D:10)
  2 hungry ghosts (D:4)
  4 orc warriors
  A swamp drake (D:9)
  2 ice beasts
  2 black bears (D:10)
  A sky beast (D:7)
  3 phantoms
  3 necrophages (D:7)
  4 ogres
  2 centaurs (D:9)
  7 bullfrogs
  2 big kobolds
  A water moccasin skeleton (D:6)
  5 scorpions
  8 killer bees
  3 howler monkeys (D:7)
  A bullfrog zombie (D:7)
  3 crimson imps
  A centaur zombie (D:8)
  9 hounds
  13 orc priests
  2 jellies
  16 orc wizards
  2 bullfrog skeletons
  A gnoll shaman (D:7)
  5 iguanas
  7 worker ants
  2 killer bee zombies
  2 hound zombies
  A hound skeleton (D:4)
  Robin (D:2)
  A howler monkey zombie (D:7)
  2 worker ant zombies
  2 howler monkey skeletons
  5 gnolls (D:7)
  14 adders
  2 shadow imps
  2 oozes
  An adder zombie (D:5)
  3 worms
  6 leopard geckos
  49 orcs
  3 bats
  6 giant cockroaches
  14 goblins
  13 hobgoblins
  6 jackals
  5 quokkas
  A ball python (D:1)
  6 frilled lizards
  A jackal zombie (D:4)
  16 kobolds
  2 quokka zombies
  2 rats
  2 bushes (D:7)
  5 plants
301 creatures vanquished.

Vanquished Creatures (others)
  An orc warrior (D:9)
  A fungus (D:10)
2 creatures vanquished.

Grand Total: 303 creatures vanquished

Notes
Turn   | Place    | Note
-------+----------+-------------------------------------------
     0 | D:1      | shmeve the Vampire Berserker began the quest for the Orb.
     0 | D:1      | Reached XP level 1. HP: 17/17 MP: 1/1
    91 | D:1      | Reached XP level 2. HP: 19/23 MP: 2/2
   859 | D:2      | Reached skill level 1 in Stealth
   871 | D:2      | Reached XP level 3. HP: 3/29 MP: 3/3
   986 | D:2      | Found a white marble altar of Elyvilon.
  1165 | D:2      | Noticed Robin
  1167 | D:2      | Reached ** piety under Trog
  1181 | D:2      | HP: 1/29 [hobgoblin/club[Robin] (7)]
  1183 | D:2      | Killed Robin
  1223 | D:2      | Reached XP level 4. HP: 18/35 MP: 4/4
  1548 | D:2      | Noticed an angel
  1549 | D:2      | Found a glowing silver altar of Zin.
  1671 | D:3      | Reached XP level 5. HP: 41/41 MP: 5/5
  1965 | D:3      | Reached *** piety under Trog
  2502 | D:3      | Reached XP level 6. HP: 48/48 MP: 6/6
  2721 | D:4      | Found a staircase to the Ecumenical Temple.
  2749 | Temple   | Entered the Ecumenical Temple
  2843 | D:4      | Noticed a hungry ghost
  2852 | D:4      | Noticed a hungry ghost
  2867 | D:4      | Killed a hungry ghost
  2867 | D:4      | Reached XP level 7. HP: 55/55 MP: 7/7
  2880 | D:4      | Killed a hungry ghost
  3066 | D:4      | Found a stormy altar of Qazlal.
  3074 | D:4      | Reached skill level 5 in Dodging
  3187 | D:5      | Entered Level 5 of the Dungeon
  3246 | D:5      | Reached **** piety under Trog
  3321 | D:5      | Found Nehadyng's General Store.
  3395 | D:5      | Reached skill level 5 in Fighting
  3395 | D:5      | Reached skill level 5 in Axes
  3402 | D:5      | Reached XP level 8. HP: 59/62 MP: 8/8
  3685 | D:5      | Found a basalt altar of Yredelemnul.
  3957 | D:6      | Reached skill level 5 in Stealth
  3966 | D:6      | Noticed a two-headed ogre
  3993 | D:6      | Killed a two-headed ogre
  3993 | D:6      | Reached XP level 9. HP: 69/69 MP: 9/9
  4050 | D:6      | Found a hide-covered altar of Uskayaw.
  4662 | D:7      | Found an ancient bone altar of Kikubaaqudgha.
  4662 | D:7      | Found a faded altar of an unknown god.
  4728 | D:7      | Found an ornate altar of the Wu Jian Council.
  4730 | D:7      | Found a sparkling altar of Nemelex Xobeh.
  4732 | D:7      | Found a shadowy altar of Dithmenos.
  4811 | D:7      | Reached ***** piety under Trog
  5277 | D:7      | Reached XP level 10. HP: 79/79 MP: 10/10
  5277 | D:7      | Received a gift from Trog
  5546 | D:7      | Found a blossoming altar of Fedhas.
  6435 | D:9      | Found a hazy altar of Hepliaklqana.
  6790 | D:9      | Found an iron altar of Okawaru.
  7086 | D:9      | Found a sacrificial altar of Ru.
  7218 | D:9      | Found a burning altar of Makhleb.
  7288 | D:9      | Received a gift from Trog
  7292 | D:9      | Reached skill level 5 in Armour
  7406 | D:9      | Found a staircase to the Orcish Mines.
  7532 | D:9      | Found Yggomn's Jewellery Boutique.
  7544 | D:10     | Entered Level 10 of the Dungeon
  7737 | D:10     | Reached XP level 11. HP: 87/87 MP: 11/11
  7742 | D:10     | Found a staircase to the Lair.
  7775 | D:10     | HP: 2/87 [hornet (11)]
  7776 | D:10     | Mangled by a hornet

Skill      XL: |  1  2  3  4  5  6  7  8  9 10 |
---------------+-------------------------------+-----
Fighting       | 3 4 5 6 7 8 |  8.6
Axes           | 3 4 5 6 7 8 |  8.6
Stealth        | 1 2 3 4 6 7 9 |  9.3
Armour         | 2 3 4 5 |  5.2
Dodging        | 3 4 5 6 8 9 |  9.7

Action                   |  1- 3 |  4- 6 |  7- 9 | 10-12 || total
-------------------------+-------+-------+-------+-------++-------
Melee: Hand axe          |    96 |   254 |    73 |       ||   423
       Bite              |     6 |    30 |    33 |    44 ||   113
       Battleaxe         |       |       |   226 |   328 ||   554
Invok: Berserk           |     1 |     3 |     5 |     4 ||    13
       Trog's Hand       |       |     1 |     1 |     1 ||     3
  Use: Scroll            |       |     4 |     2 |       ||     6
       Potion            |       |       |     7 |     8 ||    15
 Stab: Sleeping          |     1 |     4 |     3 |     7 ||    15
       Paralysed         |       |       |       |     1 ||     1
  Eat: Corpse            |    13 |    10 |    12 |     9 ||    44
Armor: Animal skin       |    13 |       |       |       ||    13
       Ring mail         |    11 |   132 |   148 |       ||   291
       Quicksilver drago |       |       |    21 |   210 ||   231
Dodge: Dodged            |    67 |   172 |   308 |   410 ||   957
